 Dungeon Crawl Stone Soup version 0.27.1-33-g824d729ab1 (webtiles) character file.

Game seed: 12235642271319921712

363 Urokeeper the Jinx (level 6, 0/41 HPs)
             Began as a Vampire Enchanter on Dec 21, 2021.
             Slain by Pikel (6 damage)
             ... on level 4 of the Dungeon.
             The game lasted 00:17:42 (4421 turns).

Urokeeper the Jinx (Vampire Enchanter)              Turns: 4421, Time: 00:17:43

Health: 0/41       AC:  6    Str:  7    XL:     6   Next: 39%
Magic:  7/9        EV: 12    Int: 20    God:
Gold:   160        SH:  0    Dex: 17    Spells: 3/9 levels left

rFire    . . .     SeeInvis +   g - +3 dagger
rCold    + . .     Faith    .   (no shield)
rNeg     . . .     Spirit   .   u - +0 leather armour
rPois    .         Reflect  .   i - +0 helmet
rElec    .         Harm     .   f - +0 cloak
rCorr    .         Rampage  .   q - +0 pair of gloves
Will     .....                  (no boots)
Stlth    +++.......             (no amulet)
HPRegen  0.33/turn              n - ring of protection from cold
MPRegen  0.11/turn              b - ring of the Shining Light {Fly Int+3 Slay+4}

@: flying, healing quickly
A: alive, fangs 3, see invisible, vampiric 2
a: Exsanguinate


You were on level 4 of the Dungeon.
You visited 1 branch of the dungeon, and saw 4 of its levels.
You also visited: Sewer.

You collected 160 gold pieces.

Inventory:

Hand Weapons
 g - a +3 dagger (weapon)
 p - a +0 long sword
Missiles
 v - 2 poisoned darts
Armour
 f - a +0 cloak (worn)
 i - a +0 helmet (worn)
 q - a +0 pair of gloves (worn)
 u - a +0 leather armour (worn)
Jewellery
 b - the ring of the Shining Light (right hand) {Fly Int+3 Slay+4}
   (You acquired it on level 3 of the Dungeon)

   [ring of slaying]

   Int:       It affects your intelligence (+3).
   Slay:      It affects your accuracy & damage with ranged weapons and melee
   (+4).
   Fly:       It grants you flight.
 n - a ring of protection from cold (left hand)
Scrolls
 d - a scroll of blinking {unknown}
 e - a scroll of magic mapping
 h - 2 scrolls of vulnerability {unknown}
 k - a scroll of enchant armour
 l - 2 scrolls of teleportation {unknown}
 m - 2 scrolls of noise {unknown}
 s - a scroll of fear
Potions
 a - 2 potions of flight
 c - a potion of cancellation {unknown}
 j - 3 potions of heal wounds
 r - 2 potions of curing
 t - a potion of degeneration {unknown}


   Skills:
 + Level 3.6 Short Blades
 - Level 2.1 Dodging
 - Level 4.4 Stealth
 - Level 2.0 Spellcasting
 - Level 9.3 Hexes


You had 3 spell levels left.
You knew the following spells:

 Your Spells              Type           Power      Damage    Failure   Level
a - Corona                Hex            43%        N/A       1%          1
b - Ensorcelled Hibernat  Hex/Ice        40%        N/A       5%          2
c - Confusing Touch       Hex            39%        N/A       1%          3

Your spell library contained the following spells:

 Spells                   Type           Power      Damage    Failure   Level
 Tukima's Dance           Hex            39%        N/A       1%          3
 Dazzling Flash           Conj/Hex       40%        N/A       11%         3
 Yara's Violent Unravell  Hex/Tmut       10%        3d6       69%         5
 Passage of Golubria      Tloc           N/A        N/A       93%         4


Dungeon Overview and Level Annotations

Branches:
Dungeon (4/15)              Sewer (visited)
 Temple: D:4-7

Altars:
Ru

Shops:
D:2 [   D:4 [

Annotations:
D:2 1 runed translucent door, Crazy Yiuf
D:4 Pikel


Innate Abilities, Weirdness & Mutations

Your natural rate of healing is accelerated.
You have razor-sharp teeth.
You have supernaturally acute eyesight. (SInv)
You are afflicted with vampirism and can become a bat while bloodless.


Message History

Casting: Confusing Touch (safe; 1% risk of failure)
Confirm with . or Enter, or press ? or * to list all spells.
Your hands begin to glow red.
A lemure comes into view.
The lemure shouts!
You hear a shout! x3
A lemure comes into view.
The lemure moves out of view.
Pikel hits you with a +0 whip of flaming.
Pikel burns you.
You hit Pikel but do no damage.
Pikel hits you with a +0 whip of flaming.
Pikel burns you.
You hit Pikel but do no damage. Your bite misses Pikel.
You hit Pikel but do no damage.
Pikel hits you with a +0 whip of flaming.
Pikel burns you.
You barely miss Pikel.
Pikel says, "Hell isn't that bad."
Pikel hits you with a +0 whip of flaming.
Pikel burns you.
You hit Pikel but do no damage. The lemure hits you.
Pikel hits you with a +0 whip of flaming.
Pikel burns you.
You hit Pikel but do no damage.
Pikel appears confused.
You bite Pikel, but do no damage. The lemure closely misses you.
A lemure comes into view.
You hit Pikel.
Pikel is lightly wounded.
Pikel hits you with a +0 whip of flaming.
* * * LOW HITPOINT WARNING * * *
Pikel burns you.
* * * LOW HITPOINT WARNING * * *
The lemure hits you.
* * * LOW HITPOINT WARNING * * *
You hit Pikel.
Pikel is lightly wounded.
You hit Pikel.
Pikel is moderately wounded.
Pikel hits you with a +0 whip of flaming.
You die...

. #.. # #.##.. #
#.##..##### #
#.##......# ########
#.##.###.## ....... .55.
#.# ##..### #5# #.#
....# #K# #.# ....##
####.#@######.#######
.....#
#.....5.....##........
.....#
#.###.#.#............#
.....## .#
#.#.#.............
......# #.# #
#.#...########.#
...##.## #.#
#.#.#.........# .
...##..###.#
#.#.#..######..
.#####..##.###.#.#....#
.
##'#......#.#....######.


You could see Pikel (confused) and 4 lemures.

Vanquished Creatures
  A kobold brigand (Sewer)
  2 orc priests (D:3)
  3 orc wizards
  7 adders
  A worm (D:3)
  A dart slug (D:2)
  8 orcs
  7 bats
  3 endoplasms
  4 giant cockroaches
  5 hobgoblins
  8 jackals
  7 kobolds
  A quokka (D:1)
  8 ball pythons
  4 frilled lizards
  8 goblins
  6 rats
84 creatures vanquished.

Vanquished Creatures (others)
  A bat (D:2)
  4 plants (D:2)
5 creatures vanquished.

Grand Total: 89 creatures vanquished

Notes
Turn   | Place    | Note
-------+----------+-------------------------------------------
     0 | D:1      | Urokeeper the Vampire Enchanter began the quest for the
                  | Orb.
     0 | D:1      | Reached XP level 1. HP: 13/13 MP: 3/3
   259 | D:1      | Reached XP level 2. HP: 17/19 MP: 5/5
   311 | D:1      | Learned a level 2 spell: Ensorcelled Hibernation
   770 | D:1      | Reached skill level 5 in Hexes
  1006 | D:2      | Gained mutation: You are afflicted with vampirism and can
                  | become a bat while bloodless. [Vampire growth]
  1006 | D:2      | Reached XP level 3. HP: 24/24 MP: 1/6
  1150 | D:2      | Found a runed translucent door.
  1151 | D:2      | Noticed Crazy Yiuf
  1329 | D:2      | Found Ferphop's Antique Armour Shop.
  1596 | D:2      | Reached skill level 6 in Hexes
  2250 | D:3      | Reached XP level 4. HP: 30/30 MP: 7/7
  2506 | D:3      | Reached skill level 7 in Hexes
  2576 | D:3      | Learned a level 3 spell: Confusing Touch
  2656 | D:3      | Found a glowing drain.
  2660 | Sewer    | Entered a sewer
  2724 | Sewer    | Noticed a kobold brigand
  3026 | Sewer    | Killed a kobold brigand
  3027 | Sewer    | Reached skill level 8 in Hexes
  3027 | Sewer    | Reached XP level 5. HP: 18/35 MP: 4/8
  3270 | D:3      | Found a faded altar of an unknown god.
  3294 | D:2      | Reached skill level 9 in Hexes
  3434 | D:3      | Reached XP level 6. HP: 41/41 MP: 4/9
  3966 | D:3      | Identified a scroll of acquirement
  3968 | D:3      | Acquired the ring of the Shining Light {Fly Int+3 Slay+4}
  3979 | D:4      | Found a sacrificial altar of Ru.
  4351 | D:4      | Found Inugav's Antique Armour Emporium.
  4397 | D:4      | Noticed Pikel
  4421 | D:4      | Slain by Pikel

Illustrated notes

Levels and vault maps discovered:
D:1:      matt_arrival_debris, layout_rooms, chequers_serial_rivers_large_a
D:2:      cheibrodos_old_hovel, layout_loops_ring, serial_shops,
          nicolae_diamond_shop, uniq_crazy_yiuf_cottage
D:3:      layout_loops_ring, hellmonk_ecumenical_altar_zigzags,
          gup_sewer_entry_bowl, grunt_ministairs_9, nrook_mini_backslash,
          minivault_25
D:4:      layout_basic, lemuel_crystal_altar, serial_shops,
          nicolae_shop_behind_doors, uniq_pikel

Skill      XL: |  1  2  3  4  5  6 |
---------------+-------------------+-----
Short Blades   | 2 3 |  3.6
Hexes          | 5 6 8 9 |  9.3
Dodging        | |  2.1
Stealth        | |  4.4
Spellcasting   | |  2.0

Action                   |  1- 3 |  4- 6 || total
-------------------------+-------+-------++-------
Melee: Dagger            |   151 |   154 ||   305
       Bite              |    15 |    13 ||    28
       Long sword        |       |    10 ||    10
 Cast: Ensorcelled Hiber |    11 |    19 ||    30
       Corona            |       |     2 ||     2
       Confusing Touch   |       |     4 ||     4
  Use: Scroll            |       |     5 ||     5
 Stab: Sleeping          |    15 |    14 ||    29
       Distracted        |       |     1 ||     1
Armor: Robe              |    59 |    47 ||   106
       Leather armour    |       |     7 ||     7
Dodge: Dodged            |   141 |   113 ||   254
       Rpst.: Long sword |       |     4 ||     4
